 Dungeon Crawl Stone Soup version 0.31-a0-1547-g618ab1f346 (webtiles) character file.

Game seed: 2721679434549054804

1656 Azzok the Ruffian (level 9, -8/51 (53) HPs)
             Began as an Octopode Shapeshifter on Jan 2, 2024.
             Was a Follower of Okawaru.
             Mangled by a wight
             ... wielding a +0 scimitar
              (12 damage)
             ... on level 5 of the Dungeon.
             The game lasted 00:08:36 (6038 turns).

Azzok the Ruffian (Octopode Shapeshifter)           Turns: 6038, Time: 00:08:37

HP:   -8/51 (53)    AC:  1    Str: 18    XL:     9   Next: 0%
MP:   0/12          EV: 13    Int: 12    God:    Okawaru [*.....]
Gold: 213           SH:  0    Dex: 11    Spells: 8/8 levels left

rFire   . .          .
                       - Unarmed
rCold   . . .        (no shield)
rNeg    . . .        (helmet currently unavailable)
rPois   .            n - amulet of guardian spirit
rElec   .            (no ring)
rCorr   .            (no ring)
SInv    .            (no ring)
Will    .....        (no ring)
Stlth   ++           (no ring)
HPRegen 0.28/turn    (no ring)
MPRegen 0.13/turn    (no ring)
                     (no ring)

%: guardian spirit
@: beast-form, lightly drained
A: beast (slay +4), almost no armour, amphibious, 8 rings, camouflage 1,
gelatinous body 1, (nimble swimmer 1), tentacles
a: Begin Untransformation, Renounce Religion, Heroism


You were on level 5 of the Dungeon.
You worshipped Okawaru.
Okawaru was aware of your devotion.
You were a hulking beast.
You visited 2 branches of the dungeon, and saw 7 of its levels.

You collected 213 gold pieces.

Inventory:

Hand Weapons
 q - a +2 short sword of draining
Jewellery
 l - a ring of flight
 n - an amulet of guardian spirit (around mantle)
Talismans
 b - a beast talisman
 c - a flux talisman
Wands
 g - a wand of iceblast (6)
 v - a wand of mindburst (10)
Scrolls
 d - a scroll of poison {unknown}
 e - 3 scrolls of teleportation
 f - a scroll of amnesia {unknown}
 h - a scroll of identify
 o - a scroll of enchant armour {unknown}
Potions
 a - 2 potions of lignification
 i - 4 potions of haste
 j - a potion of might
 k - a potion of attraction
 m - 4 potions of curing
 p - a potion of degeneration {unknown}
 u - a potion of resistance {unknown}


   Skills:
 - Level 1.0 Fighting
 - Level 2.0 Dodging
 + Level 7.8 Unarmed Combat
 + Level 4.5 Invocations
 + Level 7.2 Shapeshifting


You had 8 spell levels left.
You didn't know any spells.
Your spell library contained the following spells:

 Spells                   Type           Power      Damage    Failure   Level
 Freeze                   Ice            0%         1d3       32%         1
 Sublimation of Blood     Necr           0%         N/A       45%         2
 Frozen Ramparts          Ice            0%         1d1       69%         3
 Hailstorm                Conj/Ice       0%         3d5       69%         3
 Sigil of Binding         Hex            0%         N/A       69%         3
 Dimensional Bullseye     Hex/Tloc       0%         N/A       97%         4
 Call Imp                 Summ           Unusable   N/A       N/A         2
 Call Canine Familiar     Summ           Unusable   N/A       N/A         3
 Summon Hydra             Summ           Unusable   N/A       N/A         7

Dungeon Overview and Level Annotations

Branches:
Dungeon (6/15)             Temple (1/1) D:5

Altars:
Ashenzari
Cheibriados
Dithmenos
Elyvilon
Fedhas
Gozag
Hepliaklqana
Kikubaaqudgha
Makhleb
Nemelex Xobeh
Okawaru
Qazlal
Ru
Sif Muna
Trog
Uskayaw
Vehumet
Wu Jian
Xom
Yredelemnul
The Shining One

Shops:
D:4 *


Innate Abilities, Weirdness & Mutations

You are a hulking beast.
Your limbs bulge with bestial killing power. (Slay +4)
You cannot wear most types of armour.
You are amphibious.
You can wear up to eight rings at the same time.
Your skin changes colour to match your surroundings (Stealth+).
Your rubbery body absorbs attacks. (AC +1, EV +1)
((You are camouflaged when in or above water. (Stealth+)))
You have tentacles for arms and can constrict up to eight enemies at once.


Message History

The wight completely misses you.
You bludgeon the wight!
You destroy the wight!
Okawaru accepts your kill.
Things that are here:
a +4 battleaxe of freezing; a +0 robe
There is a stone staircase leading down here.
You climb downwards.
The wight hits you with a +0 scimitar! The wight closely misses you.
There is a stone staircase leading up, spattered with blood here.
The wight hits you with a +0 scimitar. The wight hits you with a +2 battleaxe!
You feel drained.
You climb upwards.
There is a stone staircase leading down here.
You bludgeon the wight! You grab the wight. You tentacle-slap the wight.
You squeeze the wight, but do no damage.
The wight is severely damaged.
You constrict the wight, but do no damage.
The wight hits you with a +0 scimitar!
* * * LOW HITPOINT WARNING * * *
You feel drained.
* * * LOW MAGIC WARNING * * *;
* * * LOW HITPOINT WARNING * * *
You bludgeon the wight!
You destroy the wight!
Okawaru accepts your kill.
You have reached level 9!
Your experience leads to an increase in your attributes!
Increase (S)trength, (I)ntelligence, or (D)exterity?
You feel stronger. x2
You bludgeon the wight! Your grab misses the wight.
Your squeeze misses the wight.
The wight is severely damaged.
The wight hits you with a +0 scimitar!
* * * LOW MAGIC WARNING * * *;
* * * LOW HITPOINT WARNING * * *
You barely miss the wight. Your grab misses the wight.
You squeeze the wight, but do no damage.
The wight is severely damaged.
The wight hits you with a +0 scimitar!
* * * LOW MAGIC WARNING * * *
You die...

···▒▒··▒▒·····▒<·▒·▒···▒·▒▒▒·····
···▒▒▒·▒▒·····▒▒▒▒·▒·▒·▒···'·····
▒▒▒▒ ▒·▒▒············▒·▒▒▒▒▒·····
·▒▒▒▒▒·······▒▒▒▒▒···▒·▒ ▒·····
·'···········▒ ▒·····▒·▒ ▒·····
·▒▒▒▒▒▒▒▒····▒ ▒···▒·▒·▒ ▒·····
·▒ ▒▒▒†···▒ ▒···▒·▒·▒ ▒▒····· ·▒
▒····▒·▒▒▒)z^▒·▒·▒ ▒······ ·▒
▒····▒····h··▒·▒·▒ ▒··)···
·▒▒▒▒▒▒····▒▒▒▒▒▒▒·▒·▒·▒ ▒······
··))··'····(▒ ▒·▒·▒·▒▒▒▒······
··▒▒▒▒▒·····▒ ▒·▒·▒····'······
··▒ ▒··)··▒ ▒·▒·▒▒▒▒▒▒······ ··▒
▒▒▒▒▒)▒ ▒·▒·▒▒···'······ ··▒ ▒)▒
▒·▒·▒▒·▒▒▒······ ▒·▒ ▒)▒
▒···▒▒·▒▒······· ▒·▒ ▒·▒
▒▒▒▒▒▒·▒▒<▒▒▒···


You could see a wight.

Vanquished Creatures
  Edmund (D:5)
  A water moccasin (D:5)
  A centaur (D:5)
  2 phantoms
  3 bullfrogs
  3 scorpions
  2 wights (D:5)
  2 hounds
  2 orc priests
  3 jellies
  A gnoll bouda (D:4)
  7 orc wizards
  2 iguanas
  5 gnolls (D:4)
  8 adders
  A white imp (D:6)
  2 ufetubi (D:6)
  4 dart slugs
  20 orcs
  10 ball pythons
  9 endoplasms
  9 goblins
  8 hobgoblins
  5 jackals (D:1)
  7 quokkas
  10 bats
  3 frilled lizards
  6 kobolds
  4 rats
141 creatures vanquished.

Notes
Turn   | Place    | Note
-------+----------+-------------------------------------------
     0 | D:1      | Azzok the Octopode Shapeshifter began the quest for the
                  | Orb.
     0 | D:1      | Reached XP level 1. HP: 13/13 MP: 1/1
   186 | D:1      | Reached XP level 2. HP: 17/18 MP: 2/2
   263 | D:1      | Reached XP level 3. HP: 18/23 MP: 3/3
   427 | D:1      | Found a faded altar of an unknown god.
  1209 | D:2      | Reached XP level 4. HP: 25/28 MP: 4/4
  1997 | D:3      | Noticed a bullfrog
  2007 | D:3      | Killed a bullfrog
  2008 | D:3      | Reached XP level 5. HP: 31/33 MP: 5/5
  2681 | D:3      | Found a shimmering altar of Xom.
  2845 | D:4      | Reached skill level 5 in Unarmed Combat
  2869 | D:4      | Reached XP level 6. HP: 27/38 MP: 6/6
  2930 | D:4      | Reached skill level 5 in Shapeshifting
  3512 | D:4      | Reached XP level 7. HP: 36/43 MP: 7/7
  3765 | D:4      | Found Foekleeph's CLEARANCE SALE!.
  3951 | D:4      | Found a burning altar of Makhleb.
  4066 | D:5      | Entered Level 5 of the Dungeon
  4087 | D:5      | Noticed Edmund
  4443 | D:5      | Found a staircase to the Ecumenical Temple.
  4488 | Temple   | Entered the Ecumenical Temple
  4500 | Temple   | Became a worshipper of Warmaster Okawaru
  4552 | D:5      | Reached skill level 1 in Invocations
  4742 | D:5      | Killed Edmund
  4743 | D:5      | Reached XP level 8. HP: 31/48 MP: 4/9
  5140 | D:5      | Reached * piety under Okawaru
  6037 | D:5      | Reached XP level 9. HP: 9/51 MP: 2/12
  6038 | D:5      | Mangled by a wight

Illustrated notes

Levels and vault maps discovered:
D:1:      dpeg_chamrin_arrival_tetris, layout_loops_ring,
          hellmonk_ecumenical_altar_zigzags, amcnicky_mini_pool_small
D:2:      layout_basic, corexii_item_surrounded_by_moat, minmay_misc_feat_roman,
          kennysheep_generic_room_16
D:3:      layout_loops_ring, regret_index_xom_buried_treasure,
          amcnicky_mini_rare_corridor_liquid
D:4:      layout_loops_ring, mainiacjoe_overflow_cross_hatched,
          hangedman_decor_slide_cut, nicolae_shop_clearance
D:5:      layout_basic, minmay_temple_entry_water_ring, uniq_edmund
D:6:      layout_rooms, supply_closet_lemuel
Temple:   hellmonk_temple_of_storms

Skill      XL: |  1  2  3  4  5  6  7  8 |
---------------+-------------------------+-----
Unarmed Combat | 4 5 6 7 |  7.8
Shapeshifting  | 4 5 6 7 |  7.2
Invocations    | 2 4 |  4.5
Fighting       | |  1.0
Dodging        | |  2.0

Action                     |  1- 3 |  4- 6 |  7- 9 || total
---------------------------+-------+-------+-------++-------
  Melee: Unarmed           |    69 |   115 |   116 ||   300
         Constrict         |    18 |    24 |    27 ||    69
         Tentacles         |    14 |    24 |    23 ||    61
         Punch             |     4 |     3 |     9 ||    16
    Use: Scroll            |       |       |    13 ||    13
         Potion            |       |       |     1 ||     1
   Stab: Sleeping          |     6 |     7 |     4 ||    17
 Armour: Skin              |    24 |    40 |    71 ||   135
  Dodge: Dodged            |    43 |    59 |    78 ||   180

Table legend: (Time is in decaauts)
 A = Elapsed time spent in this place.
 B = Non-inter-level travel time spent in this place.
 C = Inter-level travel time spent in this place.
 D = Time resting spent in this place.
 E = Time spent auto-exploring this place.
 F = Levels seen in this place.
 G = Mean time per level.
                   A        B        C        D        E       F      G
               +--------+--------+--------+--------+--------+-----+--------+
         Total |   6020 |   5756 |    264 |    694 |   4104 |   7 |  860.0 |
       Dungeon |   6001 |   5744 |    257 |    694 |   4104 |   6 | 1000.2 |
        Temple |     19 |     12 |      7 |      0 |      0 |   1 |   19.0 |
               +--------+--------+--------+--------+--------+-----+--------+

Top non-repeatable levels by time:
     D:4: 1636 daAuts
     D:5: 1351 daAuts
     D:2: 931 daAuts
     D:1: 910 daAuts
     D:3: 893 daAuts
     D:6: 277 daAuts
  Temple: 19 daAuts
